 Dungeon Crawl Stone Soup version 0.23-a0-375-g66a18ee (webtiles) character file.

644 Cryolive the Digger (level 7, -9/36 HPs)
             Began as a Gargoyle Earth Elementalist on Oct 26, 2018.
             Was an Initiate of Vehumet.
             Shot with an arrow by a centaur (10 damage)
             ... on level 5 of the Dungeon.
             The game lasted 00:20:34 (4151 turns).

Cryolive the Digger (Gargoyle Earth Elementalist)   Turns: 4151, Time: 00:20:35

Health: -9/36      AC:  6    Str: 12    XL:     7   Next: 52%
Magic:  14/14      EV: 17    Int: 19    God:    Vehumet [......]
Gold:   313        SH:  0    Dex: 15    Spells: 6/15 levels left

rFire    . . .     SeeInvis .   a - +0 flail
rCold    . . .     Gourm    .   (no shield)
rNeg     + . .     Faith    .   c - +0 robe
rPois    ∞         Spirit   .   (no helmet)
rElec    +         Reflect  .   n - scarf {repulsion}
rCorr    .         Harm     .   (no gloves)
MR       .....     Rnd*Tele +   (no boots)
Stlth    +++.......             (no amulet)
HPRegen  0.12/turn              s - +2 ring of intelligence
MPRegen  0.14/turn              t - ring of teleportation (curse)

@: agile, repel missiles
A: negative energy resistance 1, electricity resistance, unbreathing,
petrification resistance, rot immunity, AC +4
a: Renounce Religion


You were on level 5 of the Dungeon.
You worshipped Vehumet.
Vehumet was noncommittal.
You were hungry.

You visited 1 branch of the dungeon, and saw 5 of its levels.

You collected 313 gold pieces.

Inventory:

Hand Weapons
 a - a +0 flail (weapon)
 i - a +2 dagger of venom
 r - a +0 whip of venom
Missiles
 b - 170 stones (quivered)
Armour
 c - a +0 robe (worn)
 m - a +3 chain mail of fire resistance
 n - a scarf of repulsion (worn)
 o - a +2 plate armour of fire resistance
Jewellery
 s - a +2 ring of intelligence (left hand)
 t - a cursed ring of teleportation (right hand)
Wands
 l - a wand of iceblast (10)
 p - a wand of acid (9)
Scrolls
 g - a scroll of amnesia {unknown}
 h - a scroll of identify
 j - 2 scrolls of teleportation
 q - a scroll of remove curse {unknown}
Potions
 e - 3 potions of degeneration
 f - 3 potions of mutation
Comestibles
 d - 7 rations


   Skills:
 - Level 1.5 Dodging
 - Level 2.1 Stealth
 + Level 4.7 Spellcasting
 + Level 4.4 Conjurations
   Level 0.7 Transmutations
 + Level 6.7 Earth Magic


You had 6 spell levels left.
You knew the following spells:

 Your Spells              Type           Power        Failure   Level  Hunger
a - Sandblast             Erth           ####..       1%          1    None
b - Stone Arrow           Conj/Erth      ####..       3%          3    ###....
c - Lee's Rapid Deconstr  Erth           ####......   22%         5    ######.

Your spell library contained the following spells:

 Spells                   Type           Power        Failure   Level  Hunger
 Passwall                 Tmut/Erth      ###.....     4%          2    #......
 Petrify                  Tmut/Erth      ###.....     28%         4    ####...


Dungeon Overview and Level Annotations

Branches:
Dungeon (5/15)
 Temple: D:4-7

Altars:
Ashenzari
Cheibriados
Gozag
Okawaru
Uskayaw
Vehumet
Xom

Annotations:
D:5 Dowan, Duvessa


Innate Abilities, Weirdness & Mutations

You are resistant to torment.
Your stone body is resilient. (AC +4)
You are immune to poison.
You resist negative energy. (rN+)
You are resistant to electric shocks. (rElec)
You can survive without breathing.
You are immune to petrification.
You are immune to rotting.


Message History

* * * LOW HITPOINT WARNING * * *
The centaur hits you but does no damage.
You barely miss the centaur.
The centaur is heavily wounded.
The centaur barely misses you. The centaur closely misses you.
You closely miss the centaur.
The centaur is heavily wounded.
The centaur barely misses you. x2
You barely miss the centaur.
The centaur is heavily wounded.
The centaur hits you with a cursed -2 shortbow.
* * * LOW HITPOINT WARNING * * *
The centaur misses you.
It was a potion of agility.
You feel agile all of a sudden. The centaur barely misses you.
Dowan gestures wildly while chanting.
Dowan blinks!
The centaur shoots an arrow.
The arrow hits you!
You die...

#.....†..........
#...<<......
#.(.§>......
#..ScZh....#
#.e#Sh####.#
#..#h## . #..#c#
#..#.# #..#@#
...#.# ##.#.# ..#
... #..# #...
##.#


You could see 2 centaurs, 2 adders, a leopard gecko zombie and 2 jackals.

Vanquished Creatures
  Eustachio (D:4)
  A hungry ghost (D:3)
  A phantom (D:4)
  An ogre (D:4)
  A hound (D:4)
  Ijyb (D:2)
  An iguana (D:4)
  4 adders
  3 oozes
  A worm (D:2)
  2 dart slugs
  6 leopard geckos
  2 orcs
  2 ball pythons
  7 bats
  A giant cockroach (D:3)
  9 goblins
  7 hobgoblins
  15 jackals
  2 kobolds
  A quokka (D:3)
  5 frilled lizards
  2 rats
76 creatures vanquished.

Notes
Turn   | Place    | Note
-------+----------+-------------------------------------------
     0 | D:1      | Cryolive the Gargoyle Earth Elementalist began the quest
                  | for the Orb.
     0 | D:1      | Reached XP level 1. HP: 10/10 MP: 3/3
   140 | D:1      | Reached XP level 2. HP: 9/15 MP: 3/5
   143 | D:1      | Reached skill level 4 in Earth Magic
   803 | D:1      | Reached XP level 3. HP: 12/19 MP: 6/6
   812 | D:1      | Learned a level 3 spell: Stone Arrow
  1263 | D:2      | Reached skill level 1 in Conjurations
  1424 | D:2      | Reached XP level 4. HP: 23/24 MP: 8/8
  1503 | D:3      | Noticed Ijyb
  1658 | D:2      | Killed Ijyb
  2265 | D:3      | Reached skill level 5 in Earth Magic
  2328 | D:3      | Noticed a hungry ghost
  2402 | D:3      | Killed a hungry ghost
  2402 | D:3      | Reached XP level 5. HP: 5/28 MP: 2/10
  2402 | D:3      | Reached XP level 6. HP: 6/32 MP: 2/11
  2412 | D:3      | Learned a level 5 spell: Lee's Rapid Deconstruction
  2782 | D:3      | Found a shimmering altar of Xom.
  2782 | D:3      | Found a radiant altar of Vehumet.
  2782 | D:3      | Found a snail-covered altar of Cheibriados.
  2782 | D:3      | Found a shattered altar of Ashenzari.
  2788 | D:3      | Became a worshipper of Vehumet
  2793 | D:3      | Found an opulent altar of Gozag.
  2878 | D:3      | Found a hide-covered altar of Uskayaw.
  3015 | D:4      | Noticed a phantom
  3068 | D:4      | Killed a phantom
  3166 | D:4      | Noticed Eustachio
  3225 | D:4      | Killed Eustachio
  3225 | D:4      | Reached skill level 6 in Earth Magic
  3225 | D:4      | Reached XP level 7. HP: 14/36 MP: 0/13
  3657 | D:4      | Found an iron altar of Okawaru.
  4059 | D:5      | Entered Level 5 of the Dungeon
  4125 | D:5      | Noticed Duvessa
  4133 | D:5      | Noticed Dowan
  4149 | D:5      | HP: 1/36 [centaur/cursed -2 shortbow (6)]
  4151 | D:5      | Shot with an arrow by a centaur

Vault maps used:
D:1:      sevenhm_arrival_forest_fort_large_2
D:2:      corexii_corridor_pit
D:3:      minmay_overflow_temple_hex, first_ration, kennysheep_generic_room_14,
          uniq_ijyb
D:4:      okawaru_metal_pillars_1_2, uniq_eustachio
D:5:      uniq_duvessa, uniq_blork_the_orc

Skill      XL: |  1  2  3  4  5  6  7 |
---------------+----------------------+-----
Earth Magic    | 4 5 6 |  6.7
Conjurations   | 1 2 3 4 |  4.4
Spellcasting   | 3 4 |  4.7
Dodging        | |  1.5
Stealth        | |  2.1
Transmutations | |  0.7

Action                   |  1- 3 |  4- 6 |  7- 9 || total
-------------------------+-------+-------+-------++-------
Melee: Unarmed           |    11 |       |       ||    11
       Club              |    71 |       |       ||    71
       Whip              |    32 |   215 |     2 ||   249
       Flail             |       |       |    48 ||    48
 Cast: Sandblast         |    15 |    26 |    10 ||    51
       Stone Arrow       |     1 |    11 |     3 ||    15
  Use: Scroll            |       |     8 |       ||     8
       Potion            |       |       |     1 ||     1
 Stab: Sleeping          |     5 |       |     2 ||     7
  Eat: Chunk             |     2 |    10 |     3 ||    15
Armor: Robe              |    37 |   102 |    38 ||   177
Dodge: Dodged            |    89 |   201 |    56 ||   346

Table legend:
 A = Non-vault XP
 B = Vault XP
 C = Vault XP percentage of total XP
 D = Non-vault monster count
 E = Vault monster count
 F = Vault count percentage of total count
                 A         B        C        D         E       F
            +---------+---------+-------+---------+---------+-------
      Total |     696 |     224 |  24.3 |      73 |       3 |   3.9
            +---------+---------+-------+---------+---------+-------
        D:1 |      46 |       0 |   0.0 |      22 |       0 |   0.0
        D:2 |      60 |      36 |  37.5 |      23 |       1 |   4.2
        D:3 |     226 |       3 |   1.3 |      15 |       1 |   6.2
        D:4 |     351 |     185 |  34.5 |       9 |       1 |  10.0
        D:5 |      13 |       0 |   0.0 |       4 |       0 |   0.0
            +---------+---------+-------+---------+---------+-------
